 Dungeon Crawl Stone Soup version 0.21.1-1-g345015f (webtiles) character file.

5287 Hebeh the Covert (level 10, -2/88 HPs)
             Began as a Deep Dwarf Fighter on June 13, 2018.
             Was a Believer of Makhleb.
             Slain by a two-headed ogre
             ... wielding a +0 giant club
              (23 damage)
             ... on level 9 of the Dungeon.
             The game lasted 01:17:14 (7598 turns).

Hebeh the Covert (Deep Dwarf Fighter)               Turns: 7598, Time: 01:17:14

Health: -2/88      AC:  8    Str: 23    XL:     10   Next: 37%
Magic:  3/3        EV: 13    Int:  9    God:    Makhleb [**....]
Gold:   248        SH:  0    Dex: 12    Spells: 11/11 levels left

rFire    . . .     SeeInvis .   J - +0 whip (elec)
rCold    + . .     Gourm    .   (no shield)
rNeg     . . .     Faith    .   D - +2 ring mail {rC+}
rPois    .         Spirit   .   (no helmet)
rElec    .         Reflect  .   (no cloak)
rCorr    .         Harm     .   (no gloves)
MR       +....                  (no boots)
Stlth    ++++......             (no amulet)
HPRegen  0.00/turn              A - ring of flight
MPRegen  0.08/turn              G - +3 ring of evasion

@: non-regenerating
A: damage resistance, heal wounds, sense surroundings 2, no regeneration
a: Heal Wounds, Minor Destruction, Renounce Religion, Evoke Flight


You were on level 9 of the Dungeon.
You worshipped Makhleb.
Makhleb was pleased with you.
You were not hungry.

You visited 2 branches of the dungeon, and saw 11 of its levels.

You collected 332 gold pieces.
You spent 84 gold pieces at shops.

Inventory:

Hand Weapons
 a - a +0 war axe
 p - a +3 hunting sling
 J - a +0 whip of electrocution (weapon)
 K - a +4 mace of freezing
 L - a +1 morningstar of crushing
Missiles
 g - 257 stones (quivered)
 l - 22 poisoned needles
 s - 3 needles of sleeping
 z - 44 sling bullets
Armour
 b - a +0 scale mail
 c - a +0 shield
 D - a +2 ring mail of cold resistance (worn)
Jewellery
 A - a ring of flight (left hand)
 G - a +3 ring of evasion (right hand)
Wands
 q - a wand of clouds (4)
 t - a wand of polymorph (15)
 B - a wand of acid (7)
 C - a wand of paralysis (14)
Scrolls
 h - 6 scrolls of remove curse
 i - 2 scrolls of random uselessness {unknown}
 k - 3 scrolls of identify
 r - a scroll of magic mapping {unknown}
 v - 2 scrolls of teleportation
 w - 3 scrolls of blinking
 y - a scroll of amnesia {unknown}
 H - 2 scrolls of brand weapon {unknown}
 M - 2 scrolls of fog {unknown}
Potions
 d - a potion of might
 e - 2 potions of berserk rage
 j - 2 potions of mutation
 m - 3 potions of lignification
 n - a potion of heal wounds {unknown}
 o - a potion of flight {unknown}
 u - 2 potions of agility
 x - a potion of resistance {unknown}
 E - a potion of magic {unknown}
 F - a potion of cancellation
 I - a potion of brilliance {unknown}
 P - 2 potions of haste {unknown}
Comestibles
 f - 9 rations


   Skills:
 + Level 5.5 Fighting
 * Level 8.7(8.9) Axes
 + Level 2.4(5.6) Maces & Flails
 - Level 3.7 Slings
 + Level 6.6 Armour
 * Level 9.8 Stealth
 + Level 6.5 Shields
 - Level 1.4 Spellcasting
 + Level 3.3 Invocations
 + Level 3.1 Evocations


You had 11 spell levels left.
You didn't know any spells.

Dungeon Overview and Level Annotations

Branches:
Dungeon (10/15)            Temple (1/1) D:6
   Lair: D:8-11         Orc: D:9-12

Altars:
Ashenzari
Dithmenos
Elyvilon
Fedhas
Gozag
Hepliaklqana
Kikubaaqudgha
Makhleb
Nemelex Xobeh
Okawaru
Qazlal
Ru
Sif Muna
Trog
Uskayaw
Vehumet
Wu Jian
Yredelemnul
Zin
The Shining One

Shops:
D:5 *


Innate Abilities, Weirdness & Mutations

You are resistant to damage.
You can heal yourself by infusing magical energy.
You passively map the area around you.
You do not regenerate.


Message History

Lightning courses through the worker ant!
You kill the worker ant!
Makhleb accepts your kill.
You feel better.
The two-headed ogre hits you with a giant club!
The two-headed ogre hits you with a giant spiked club!
There is an open door, spattered with blood here.
You are too injured to fight recklessly!
You are too injured to fight recklessly!
You are too injured to fight recklessly!
You are too injured to fight recklessly!
You are too injured to fight recklessly!
You hit the two-headed ogre.
The two-headed ogre is lightly wounded.
You hit the two-headed ogre but do no damage.
The two-headed ogre is lightly wounded.
The two-headed ogre hits you with a giant club!!
* * * LOW HITPOINT WARNING * * *
The two-headed ogre hits you with a giant spiked club!!
You die...

,, #.#.......................
#.##.#....##.######.......###
, ...........................#
...........................#
*.#....#....##.#####..##'####
≈*....y......<...............#
≈ ..###.#.#..##.#####..##.####
, . .............# #..##.# *
###.#.#..##@######.##.#
...#.#..#O......#..#.# *
####...†........#..#.#
$#.8.#..#.......#..#.# $#.
.#..#.......#..#.#### $
,8...................... < *
#.#.##########.....#### ,
,#§#.#. #.#.).#* , ,#§# #. * *
#.#....#


You could see a two-headed ogre.

Vanquished Creatures
  Pikel (D:6)
  The ghost of Capy the Shield-Bearer, a novice GrFi of Trog (D:5)
  Joseph (D:8)
  Sigmund (D:2)
  A spriggan (D:7)
  A hungry ghost (D:7)
  Menkaure (D:4)
  Duvessa (D:5)
  A water moccasin (D:8)
  A hornet zombie (D:6)
  3 sky beasts
  5 ogres
  2 centaurs (D:5)
  A bullfrog (D:6)
  A scorpion (D:7)
  Dowan (D:5)
  14 killer bees
  12 wights
  3 howler monkeys
  4 crimson imps (D:5)
  A centaur zombie (D:5)
  A hound (D:5)
  6 orc priests
  2 bullfrog skeletons
  8 orc wizards
  Natasha (thrice) (D:2)
  2 iguanas
  4 worker ants
  A hound skeleton (D:5)
  7 adders
  A gnoll (D:1)
  A shadow imp (D:7)
  4 dart slugs
  4 worms
  25 orcs
  3 giant cockroaches
  2 goblins
  3 hobgoblins
  10 jackals
  4 quokkas
  A bat (D:2)
  4 frilled lizards
  A giant cockroach zombie (D:5)
  5 kobolds
  2 quokka zombies (D:5)
  2 rats
163 creatures vanquished.

Vanquished Creatures (others)
  An adder (D:6)
  A jackal (D:6)
2 creatures vanquished.

Grand Total: 165 creatures vanquished

Notes
Turn   | Place    | Note
-------+----------+-------------------------------------------
     0 | D:1      | Hebeh the Deep Dwarf Fighter began the quest for the Orb.
     0 | D:1      | Reached XP level 1. HP: 20/20 MP: 1/1
    30 | D:1      | Reached skill level 1 in Stealth
    30 | D:1      | Reached XP level 2. HP: 27/27 MP: 2/2
   822 | D:1      | Reached skill level 2 in Stealth
   822 | D:1      | Reached XP level 3. HP: 17/33 MP: 3/3
   924 | D:2      | Found a glowing golden altar of the Shining One.
  1158 | D:2      | Found a bloodstained altar of Trog.
  1160 | D:2      | Reached XP level 4. HP: 40/40 MP: 3/5
  1165 | D:2      | Noticed Natasha
  1176 | D:2      | Killed Natasha
  1219 | D:2      | Noticed Sigmund
  1235 | D:2      | Killed Sigmund
  1235 | D:2      | Reached skill level 3 in Stealth
  1235 | D:2      | Reached skill level 1 in Spellcasting
  1235 | D:2      | Reached XP level 5. HP: 46/49 MP: 5/7
  1312 | D:2      | Noticed Natasha
  1320 | D:2      | Killed Natasha
  1320 | D:2      | Reached XP level 6. HP: 48/56 MP: 8/8
  1332 | D:2      | Noticed Natasha
  1342 | D:2      | Killed Natasha
  1722 | D:3      | Reached skill level 4 in Stealth
  2445 | D:5      | Entered Level 5 of the Dungeon
  2462 | D:4      | Reached XP level 7. HP: 55/62 MP: 9/9
  2538 | D:4      | Got an ancient chain mail
  2582 | D:4      | Noticed Menkaure
  2589 | D:4      | Killed Menkaure
  2589 | D:4      | Reached skill level 1 in Slings
  2589 | D:4      | Reached skill level 5 in Stealth
  3166 | D:5      | Reached skill level 5 in Axes
  3309 | D:5      | Noticed Dowan
  3312 | D:5      | Noticed Duvessa
  3333 | D:5      | Killed Dowan
  3337 | D:5      | Killed Duvessa
  3337 | D:5      | Reached skill level 6 in Stealth
  3337 | D:5      | Reached XP level 8. HP: 49/72 MP: 10/10
  3492 | D:5      | Reached skill level 5 in Armour
  3600 | D:5      | Identified the +2 chain mail of Beogh's Indignation {+Fly rElec Dex-4 Slay+4} (You found it on level 4 of the Dungeon)
  3691 | D:5      | Reached skill level 5 in Shields
  3704 | D:5      | Noticed Capy's ghost (novice GrFi)
  3767 | D:5      | Killed Capy's ghost
  3767 | D:5      | Reached skill level 7 in Stealth
  3894 | D:5      | Found Fyal's General Store.
  3909 | D:5      | Bought a scroll of teleportation for 42 gold pieces
  3909 | D:5      | Bought a potion of lignification for 42 gold pieces
  4405 | D:6      | Found a staircase to the Ecumenical Temple.
  4418 | D:6      | Gained mutation: You passively map the area around you. [Deep Dwarf growth]
  4418 | D:6      | Reached XP level 9. HP: 63/79 MP: 10/10
  4449 | Temple   | Entered the Ecumenical Temple
  4491 | Temple   | Became a worshipper of Makhleb the Destroyer
  4691 | D:6      | Noticed Pikel
  4730 | D:6      | Killed Pikel
  4730 | D:6      | Reached skill level 8 in Stealth
  4830 | D:6      | Found a sparkling altar of Nemelex Xobeh.
  4970 | D:6      | Reached skill level 5 in Fighting
  5571 | D:7      | Reached skill level 1 in Invocations
  5571 | D:7      | Reached skill level 1 in Evocations
  5627 | D:7      | Reached skill level 1 in Maces & Flails
  5766 | D:6      | Reached * piety under Makhleb
  5772 | D:6      | Reached skill level 9 in Stealth
  6553 | D:7      | Reached XP level 10. HP: 73/88 MP: 6/6
  6553 | D:7      | Paralysed by fainting for 8 turns
  6836 | D:8      | Noticed Joseph
  6871 | D:8      | Killed Joseph
  7019 | D:8      | Reached ** piety under Makhleb
  7529 | D:10     | Entered Level 10 of the Dungeon
  7589 | D:9      | Noticed a two-headed ogre
  7598 | D:9      | Slain by a two-headed ogre

Skill      XL: |  1  2  3  4  5  6  7  8  9 10 |
---------------+-------------------------------+-----
Stealth        | 1 2 3 4 6 7 9 |  9.8
Axes           | 3 4 5 6 8 |  8.7
Fighting       | 3 4 5 |  5.5
Spellcasting   | 1 |  1.4
Armour         | 4 5 6 |  6.6
Shields        | 4 5 6 |  6.5
Slings         | 2 3 |  3.7
Invocations    | 2 3 |  3.3
Evocations     | 2 3 |  3.1
Maces & Flails | 1 2 |  2.4

Action                   |  1- 3 |  4- 6 |  7- 9 | 10-12 || total
-------------------------+-------+-------+-------+-------++-------
Melee: War axe           |    63 |   153 |   510 |   146 ||   872
       Whip              |       |       |       |     3 ||     3
 Abil: Heal Wounds       |     2 |     4 |    30 |    13 ||    49
Evoke: Wand              |       |       |     1 |     1 ||     2
  Use: Scroll            |       |     2 |     7 |     1 ||    10
       Potion            |       |       |       |     1 ||     1
 Stab: Sleeping          |       |       |     6 |       ||     6
  Eat: Chunk             |     1 |     4 |     8 |       ||    13
       Ration            |       |       |     2 |     2 ||     4
Armor: Scale mail        |    25 |    58 |    47 |       ||   130
       Ring mail         |       |       |   128 |    59 ||   187
Dodge: Dodged            |    20 |    39 |   185 |   147 ||   391
Block: Shield            |    49 |    60 |   269 |    18 ||   396
